 Dungeon Crawl Stone Soup version 0.25.1-1-g288607f (webtiles) character file.

Game seed: 2962348137829426285

87381 robertstho the Bludgeoner (level 15, 0/98 HPs)
             Began as a Gargoyle Fighter on July 28, 2020.
             Was a High Priest of the Shining One.
             Killed by divine providence
             ... invoked by Saint Roka
              (12 damage)
             ... on level 2 of the Orcish Mines.
             The game lasted 00:51:18 (25765 turns).

robertstho the Bludgeoner (Gargoyle Fighter)       Turns: 25765, Time: 00:51:19

Health: 0/98       AC: 32    Str: 25    XL:     15   Next: 90%
Magic:  27/31      EV: 16    Int: 10    God:    the Shining One [*****.]
Gold:   1571       SH: 18    Dex: 11    Spells: 14/14 levels left

rFire    . . .     SeeInvis .   d - +2 morningstar (venom)
rCold    . . .     Gourm    .   c - +0 kite shield
rNeg     + + +     Faith    .   s - +3 scale mail of the Chupacabra {rN+ Dex+2}
rPois    ∞         Spirit   .   l - +0 helmet (curse)
rElec    +         Reflect  +   j - +0 cloak
rCorr    .         Harm     .   P - +3 pair of gauntlets of War {Slay+5}
MR       +....                  H - +0 pair of boots
Stlth    ..........             B - amulet of reflection
HPRegen  0.26/turn              N - +4 ring of evasion
MPRegen  0.22/turn              I - ring of magical power

@: mighty, flying, hasted, glowing, very quick
A: big wings, negative energy resistance 1, electricity resistance, unbreathing,
petrification resistance, rot immunity, AC +11
a: Stop Flying, Divine Shield, Cleansing Flame, Summon Divine Warrior, Renounce
Religion


You were on level 2 of the Orcish Mines.
You worshipped the Shining One.
The Shining One was extremely pleased with you.
You were not hungry.

You visited 4 branches of the dungeon, and saw 23 of its levels.
You also visited: Sewer.

You collected 2003 gold pieces.
You spent 432 gold pieces at shops.

Inventory:

Hand Weapons
 a - a +0 flail
 d - a +2 morningstar of venom (weapon)
Missiles
 L - 2 throwing nets (quivered)
Armour
 c - a +0 kite shield (worn)
 j - a +0 cloak (worn)
 l - a cursed +0 helmet (worn)
 s - the +3 scale mail of the Chupacabra (worn) {rN+ Dex+2}
   (You found it on level 6 of the Dungeon)

   It affects your dexterity (+2).
   It protects you from negative energy.
 H - a +0 pair of boots (worn)
 P - the +3 pair of gauntlets of War (worn) {Slay+5}
   (You found it on level 6 of the Lair of Beasts)

   It affects your accuracy and damage with ranged weapons and melee attacks
   (+5).
Jewellery
 B - an amulet of reflection (around neck)
 E - an uncursed amulet of magic regeneration {unknown}
 I - a ring of magical power (right hand)
 N - a +4 ring of evasion (left hand)
Wands
 n - a wand of iceblast (9)
 v - a wand of polymorph (8)
 M - a wand of enslavement (11)
 O - a wand of flame (29)
Scrolls
 e - 2 scrolls of immolation
 g - 8 scrolls of teleportation
 h - 3 scrolls of fog
 i - 2 scrolls of fear
 k - 5 scrolls of enchant weapon
 r - 4 scrolls of magic mapping
 u - 11 scrolls of identify
 z - 2 scrolls of enchant armour
 D - 14 scrolls of remove curse
 J - 2 scrolls of vulnerability {unknown}
 K - a scroll of amnesia
Potions
 b - 2 potions of mutation
 p - 5 potions of curing
 q - 3 potions of brilliance
 t - 5 potions of ambrosia
 x - 6 potions of lignification
 A - a potion of resistance
 C - a potion of magic {unknown}
 G - a potion of flight
Miscellaneous
 y - a tin of tremorstones (3/3)
Comestibles
 f - 41 rations
 o - 4 chunks of flesh


   Skills:
 * Level 13.1 Fighting
 * Level 16.3 Maces & Flails
 + Level 0.1 Throwing
 * Level 11.8 Armour
 + Level 5.2 Dodging
 + Level 12.3 Shields
 * Level 10.5 Invocations
 + Level 0.3 Evocations


You had 14 spell levels left.
You didn't know any spells.
Your spell library contained the following spells:

 Spells                   Type           Power        Failure   Level  Hunger
 Shock                    Conj/Air       #...         71%         1    ##.....
 Poisonous Vapours        Pois/Air       #.....       85%         2    ###....
 Swiftness                Chrm/Air       #.......     85%         2    ###....
 Conjure Flame            Conj/Fire      #.......     97%         3    ####...
 Mephitic Cloud           Conj/Pois/Air  #.......     97%         3    ####...
 Static Discharge         Conj/Air       #.......     97%         3    ####...
 Airstrike                Air            #.........   100%        4    #####..
 Lightning Bolt           Conj/Air       #.........   100%        5    ######.
 Freezing Cloud           Conj/Ice/Air   #.........   100%        6    #######
 Ring of Flames           Chrm/Fire      #.........   100%        7    #######


Dungeon Overview and Level Annotations

Branches:
Dungeon (14/15)            Temple (1/1) D:7            Lair (6/6) D:11
 Shoals (0/4) Lair:4        Snake (0/4) Lair:2        Slime (0/5) Lair:5
    Orc (2/2) D:9          Vaults (0/5) D:13          Sewer (visited)
    Elf: Orc:2

Altars:
Cheibriados
Dithmenos
Elyvilon
Fedhas
Hepliaklqana
Kikubaaqudgha
Makhleb
Nemelex Xobeh
Okawaru
Qazlal
Sif Muna
Uskayaw
Vehumet
Wu Jian
Xom
Zin
The Shining One
Beogh

Shops:
D:9 *   D:11 (   D:14 *

Annotations:
D:14 4 runed translucent doors, Paohohum's ghost, adept GrMo
Orc:2 Saint Roka


Innate Abilities, Weirdness & Mutations

You are resistant to torment.
Your stone body is resilient. (AC +11)
You are immune to poison.
Your large and strong wings let you fly indefinitely.
You resist negative energy. (rN+)
You are resistant to electric shocks. (rElec)
You can survive without breathing.
You are immune to petrification.
You are immune to rotting.


Message History

Saint Roka invokes the aid of Beogh against you.
Beogh smites you!
* * * LOW HITPOINT WARNING * * *
You puncture Saint Roka!
Saint Roka is severely wounded.
You sock Saint Roka!
Saint Roka looks as sick as possible!
Saint Roka is severely wounded.
Your daeva calls down the wrath of the Shining One upon Saint Roka.
Saint Roka is smitten.
Saint Roka calls down the wrath of Beogh upon you.
Beogh smites you!
* * * LOW HITPOINT WARNING * * *
You feel better.
Your daeva calls down the wrath of the Shining One upon Saint Roka.
Saint Roka is smitten.
You sock Saint Roka!
Saint Roka looks as sick as possible!
Saint Roka is almost dead.
Saint Roka calls down the wrath of Beogh upon you.
Beogh smites you!
You die...

.###....#.....###...(.(...#.#....
## ###..)).#.## ##)..(.)..#.#....
# #...))##.# #.)..).#.####.... #
####....### ###)(.).### ##... #
#.#......####......## ###.... .#
#..........##.(.....## #......
.##..........##.........###......
.......##........................
......# ##......@...###.......###
...... ##.....Ao######.......#
..... ##...........##..^.....###
...#....<.......##....).....#
.........).#..................
#$......))###.#........##.....
##.#.......##.#....#.######...
####...#...###....#.# #....
#......#...###.##### #....


You could see Saint Roka (extremely poisoned) and a friendly daeva (summoned).

Vanquished Creatures
  Nessos (Orc:2)
  A dire elephant (Lair:6)
  An ettin (Orc:1)
  8 hydras
  4 two-headed ogres
  2 catoblepae
  4 centaur warriors
  A death knight (D:14)
  Urug (D:13)
  A deep troll shaman (Lair:6)
  17 death yaks
  A fire crab (Lair:4)
  An orc knight (D:13)
  An orange crystal statue (Lair:3)
  An orc sorcerer (Orc:2)
  9 ugly things
  4 slime creatures (D:12)
  2 manticores
  A deep elf mage (D:14)
  3 cyclopes
  3 elephants
  5 black mambas
  2 torpor snails
  2 gargoyles
  12 spiny frogs
  9 rime drakes
  An efreet (D:14)
  2 kobold demonologists
  3 freezing wraiths (D:14)
  3 yaktaurs (D:13)
  8 komodo dragons
  A queen bee (Lair:5)
  3 trolls
  3 merfolk
  A hornet (D:14)
  5 polar bears (Lair:6)
  3 meliai (Lair:5)
  7 blink frogs
  9 dream sheep
  22 hippogriffs
  A spriggan (Lair:3)
  29 yaks
  9 wyverns
  8 basilisks
  3 wraiths
  3 vampire mosquitoes (D:12)
  5 wargs
  11 water moccasins
  A soldier ant (D:11)
  15 porcupines
  4 sky beasts
  2 black bears (Lair:6)
  5 ice beasts
  16 orc warriors
  A hornet zombie (D:11)
  2 eyes of draining
  A necrophage (D:14)
  A boggart (D:13)
  2 phantoms
  11 centaurs
  9 ogres
  12 wolves (Lair:6)
  6 big kobolds
  13 crocodiles
  24 bullfrogs
  2 wyvern zombies
  A wyvern skeleton (D:14)
  3 scorpions
  15 wights
  23 killer bees
  5 electric eels
  5 howler monkeys
  6 centaur zombies
  9 jellies
  A quasit (D:10)
  2 bullfrog zombies
  6 crimson imps
  10 hounds
  6 orc priests
  3 bullfrog skeletons
  3 centaur skeletons
  16 orc wizards
  8 worker ants
  3 hound zombies
  A hound skeleton (D:4)
  A gnoll (D:5)
  A howler monkey skeleton (D:5)
  A river rat (D:3)
  17 adders
  A shadow imp (D:9)
  An ooze (Sewer)
  2 adder skeletons
  An adder zombie (D:5)
  4 worms
  4 dart slugs
  7 leopard geckos
  66 orcs
  5 ball pythons
  4 giant cockroaches
  6 goblins
  6 hobgoblins
  3 iguanas
  6 jackals (D:4)
  20 kobolds
  2 quokkas
  12 bats
  3 frilled lizards
  A leopard gecko skeleton (D:5)
  10 rats
  A fungus (Lair:5)
675 creatures vanquished.

Vanquished Creatures (collateral kills)
  Jorgrun (Orc:2)
  2 hydras (D:14)
  A hippogriff (D:14)
  2 orc warriors (Orc:2)
  2 killer bees (Lair:5)
  5 wights (D:14)
13 creatures vanquished.

Vanquished Creatures (others)
  2 bushes (D:11)
  7 fungi
  12 plants
21 creatures vanquished.

Grand Total: 709 creatures vanquished

Notes
Turn   | Place    | Note
-------+----------+-------------------------------------------
     0 | D:1      | robertstho the Gargoyle Fighter began the quest for the
                  | Orb.
     0 | D:1      | Reached XP level 1. HP: 14/14 MP: 1/1
   182 | D:1      | Reached XP level 2. HP: 19/19 MP: 2/2
   762 | D:1      | Reached XP level 3. HP: 23/23 MP: 3/3
  1258 | D:2      | Found a shimmering altar of Xom.
  1330 | D:2      | Reached skill level 3 in Maces & Flails
  1330 | D:2      | Reached XP level 4. HP: 23/29 MP: 4/4
  1563 | D:2      | Reached XP level 5. HP: 33/33 MP: 5/5
  2357 | D:3      | Found a glowing drain.
  2361 | Sewer    | Entered a sewer
  2397 | Sewer    | Noticed a big kobold
  2410 | Sewer    | Killed a big kobold
  2410 | Sewer    | Reached skill level 4 in Maces & Flails
  2410 | Sewer    | Reached XP level 6. HP: 19/39 MP: 6/6
  2765 | Sewer    | Reached skill level 1 in Dodging
  2784 | Sewer    | Reached XP level 7. HP: 34/44 MP: 7/7
  3065 | D:3      | Found a burning altar of Makhleb.
  3385 | D:3      | Reached skill level 5 in Maces & Flails
  4178 | D:4      | Reached skill level 5 in Armour
  4233 | D:4      | Reached skill level 5 in Fighting
  4233 | D:4      | Reached skill level 5 in Shields
  4747 | D:5      | Entered Level 5 of the Dungeon
  4763 | D:5      | Reached skill level 6 in Maces & Flails
  4763 | D:5      | Reached XP level 8. HP: 41/49 MP: 8/8
  5729 | D:6      | Reached skill level 7 in Maces & Flails
  5737 | D:5      | Got a bloodstained ring mail
  5747 | D:5      | Identified the +6 ring mail "Lulosh" {Harm rElec Str-2}
                  | (You found it on level 5 of the Dungeon)
  6220 | D:6      | Got a glimmering scale mail
  6230 | D:6      | Identified the +3 scale mail of the Chupacabra {rN+ Dex+2}
                  | (You found it on level 6 of the Dungeon)
  6401 | D:6      | Reached XP level 9. HP: 55/55 MP: 9/9
  6982 | D:6      | Reached skill level 8 in Maces & Flails
  7359 | D:7      | Found a staircase to the Ecumenical Temple.
  7379 | Temple   | Entered the Ecumenical Temple
  7433 | Temple   | Became a worshipper of the Shining One
  7554 | D:7      | You fall into a shaft and drop 2 floors!
  7564 | D:9      | Noticed a two-headed ogre
  7581 | D:9      | Killed a two-headed ogre
  7949 | D:8      | Reached XP level 10. HP: 56/63 MP: 11/11
  8033 | D:8      | Reached skill level 9 in Maces & Flails
  8601 | D:9      | Found Tely's General Store.
  8734 | D:9      | Reached * piety under the Shining One
  8828 | D:9      | Bought a cursed amulet of reflection for 432 gold pieces
  9293 | D:9      | Reached skill level 10 in Maces & Flails
  9469 | D:9      | Found a staircase to the Orcish Mines.
  9478 | Orc:1    | Entered Level 1 of the Orcish Mines
  9478 | Orc:1    | Found a roughly hewn altar of Beogh.
  9478 | Orc:1    | Noticed an ettin
  9569 | D:10     | Entered Level 10 of the Dungeon
 10178 | D:10     | Reached XP level 11. HP: 34/68 MP: 14/14
 10571 | D:11     | Noticed a six-headed hydra
 10586 | D:11     | Killed a six-headed hydra
 10723 | D:11     | Reached ** piety under the Shining One
 10731 | D:11     | Noticed a white ugly thing
 10747 | D:11     | Killed a white ugly thing
 10814 | D:11     | Noticed a green ugly thing
 10837 | D:11     | Killed a green ugly thing
 10837 | D:11     | Reached skill level 11 in Maces & Flails
 10938 | D:11     | Reached skill level 5 in Invocations
 11233 | D:11     | Found a staircase to the Lair.
 11414 | D:11     | Found Qejuhep's Antique Weapon Shoppe.
 11637 | D:11     | Noticed a deep elf mage
 11653 | D:11     | Noticed a rakshasa
 11664 | D:11     | Noticed a five-headed hydra
 11664 | D:11     | Noticed a salamander
 11664 | D:11     | Identified the +9 chain mail of the Cicada {rF- Dex+3
                  | Slay+3}
 11664 | D:11     | Noticed a death knight
 11673 | D:11     | Noticed a red ugly thing
 11694 | D:11     | Killed a red ugly thing
 12210 | D:11     | Noticed a mana viper
 12250 | D:12     | Reached *** piety under the Shining One
 12252 | D:12     | Noticed a green ugly thing
 12267 | D:12     | Killed a green ugly thing
 12457 | D:12     | Noticed a manticore
 12466 | D:12     | Killed a manticore
 12639 | D:12     | Reached XP level 12. HP: 36/76 MP: 16/16
 12902 | D:12     | Reached skill level 12 in Maces & Flails
 13069 | D:12     | Noticed a four-headed hydra
 13082 | D:12     | Killed a four-headed hydra
 13605 | D:12     | Reached **** piety under the Shining One
 14072 | D:13     | Noticed a centaur warrior
 14088 | D:13     | Killed a centaur warrior
 14254 | D:13     | Noticed Urug
 14973 | D:13     | Noticed a two-headed ogre
 14982 | D:13     | Killed a two-headed ogre
 15092 | D:13     | Killed Urug
 15092 | D:13     | Reached skill level 13 in Maces & Flails
 15097 | D:13     | Reached skill level 10 in Fighting
 15169 | D:13     | Noticed a centaur warrior
 15177 | D:13     | Killed a centaur warrior
 15183 | D:13     | Reached XP level 13. HP: 66/82 MP: 18/18
 15186 | D:13     | Reached skill level 10 in Shields
 15301 | D:13     | Found a gate to the Vaults.
 15757 | D:14     | Reached ***** piety under the Shining One
 15803 | D:14     | Found a glowing silver altar of Zin.
 15804 | D:14     | Noticed an angel
 15929 | D:14     | Reached skill level 10 in Armour
 16139 | D:14     | Noticed Paohohum's ghost (adept GrMo)
 16139 | D:14     | Noticed an ice dragon
 16207 | D:14     | Found a runed translucent gate.
 16208 | D:14     | Found a runed translucent gate.
 16212 | D:14     | Found a runed translucent gate.
 16477 | D:14     | Found Jedosoa's Changing Room.
 16709 | D:14     | Found a runed translucent door.
 17172 | D:14     | Reached skill level 14 in Maces & Flails
 17263 | Lair:1   | Entered Level 1 of the Lair of Beasts
 17812 | Lair:1   | Gained mutation: Your large and strong wings let you fly
                  | indefinitely. [Gargoyle growth]
 17812 | Lair:1   | Reached XP level 14. HP: 74/88 MP: 20/20
 18564 | Lair:2   | Found a staircase to the Snake Pit.
 19112 | Lair:3   | Found the +0 staff of Battle
 20409 | Lair:4   | Reached skill level 15 in Maces & Flails
 20472 | Lair:4   | Found a staircase to the Shoals.
 21772 | Lair:4   | Reached XP level 15. HP: 77/96 MP: 22/22
 22545 | Lair:5   | Reached skill level 10 in Invocations
 22814 | Lair:5   | Reached skill level 5 in Dodging
 22850 | Lair:5   | Found a staircase to the Slime Pits.
 23073 | Lair:6   | Entered Level 6 of the Lair of Beasts
 23660 | Lair:6   | Reached skill level 16 in Maces & Flails
 24279 | Lair:6   | Found the +3 pair of gauntlets of War {Slay+5}
 25287 | Orc:2    | Entered Level 2 of the Orcish Mines
 25341 | Orc:2    | Noticed Nessos
 25357 | Orc:2    | Killed Nessos
 25360 | Orc:2    | Noticed Jorgrun
 25370 | Orc:2    | Killed Jorgrun
 25713 | Orc:2    | Noticed Saint Roka
 25765 | Orc:2    | Killed from afar by Saint Roka

Illustrated notes

Levels and vault maps discovered:
D:1:      dpeg_arrival_long_road, layout_loops_corners
D:2:      layout_basic, wad_floor_pattern_untrapped, dk_xom_monty_hall
D:3:      layout_basic, lemuel_coloured_pillars_altar, gup_sewer_entry_spiral,
          minmay_misc_feat_alley
D:4:      layout_gridville, first_ration, minmay_misc_feat_nine_boxes
D:5:      minmay_chambers_of_threes, layout_cave_pools, serial_bayou_lagoon_a
D:6:      layout_gridville
D:7:      layout_basic, minmay_temple_entry_waves
D:8:      layout_loops_ring
D:9:      layout_cave_pools, erik_orc_2, serial_column_ruins,
          column_ruins_grid_4, column_ruins_open_medium_water,
          column_ruins_grid_1, column_ruins_grid_1, column_ruins_open_small,
          serial_shops, shop
D:10:     layout_loops_ring, hangedman_fish_farm
D:11:     layout_gridville, minmay_lair_entry_grove, serial_shops,
          nicolae_shop_behind_doors, serial_undead, serial_undead_e,
          serial_undead_d, serial_undead_f, serial_undead_e, minivault_12
D:12:     layout_small_grid
D:13:     layout_roguey, hangedman_vaults_entry_quadrant_bands, uniq_urug
D:14:     cheibrodos_shockbox, layout_small_grid, gammafunk_ghost_icy,
          zin_angel, nicolae_transmutations_shop
Temple:   compressed_dpeg_triangle_lava_temple
Lair:1:   layout_small_grid, st_stairs_7, minivault_11, lemuel_fruit_fields
Lair:2:   layout_cave_shapes, minmay_snake_entry_six_corridors
Lair:3:   statuecave_lemuel, layout_misc_corridors,
          grunt_forest_large_clearing_hut, grunt_megastairs_5
Lair:4:   layout_roguey, elwin_shoals_entry_rooms, special_room
          [special_room_mythical_zoo], st_stairs_3, hangedman_lair_generics_rect
Lair:5:   layout_roguey [special_room_bee], nicolae_slime_entry_slimehenge,
          serial_bayou_shore_b, lemuel_fruit_fields, serial_bayou_shore_a
Lair:6:   grunt_lair_end_beastmaster, layout_hall_layers,
          chequers_serial_rivers_large_b, cheibrodos_lair_lostbears,
          grunt_megastairs_3, lemuel_fruit_fields
Orc:1:    layout_caves, basic_altar
Orc:2:    grunt_orc_cross, layout_diamond_mine, basic_altar, uniq_nessos,
          uniq_saint_roka, uniq_jorgrun

Skill      XL: |  1  2  3  4  5  6  7  8  9 10 11 12 13 14 15 |
---------------+----------------------------------------------+-----
Maces & Flails | 3 4 6 7 8 10 11 13 14 15 16 | 16.3
Fighting       | 4 5 6 7 8 9 10 12 13 | 13.1
Armour         | 4 5 6 7 8 9 10 11 | 11.8
Shields        | 4 5 6 7 9 10 11 12 | 12.3
Dodging        | 1 2 3 4 5 |  5.2
Invocations    | 2 4 5 7 8 9 10 | 10.5
Throwing       | |  0.1
Evocations     | |  0.3

Action                   |  1- 3 |  4- 6 |  7- 9 | 10-12 | 13-15 || total
-------------------------+-------+-------+-------+-------+-------++-------
Melee: Flail             |   121 |   265 |   627 |   906 |       ||  1919
       Morningstar       |       |       |       |    75 |  1212 ||  1287
Throw: Throwing net      |       |       |       |       |     2 ||     2
Invok: Cleansing Flame   |       |       |       |       |     9 ||     9
       Summon Divine War |       |       |       |       |     5 ||     5
 Abil: Fly               |       |       |       |       |     1 ||     1
Evoke: Wand              |       |       |       |     6 |     8 ||    14
  Use: Potion            |       |       |    11 |     8 |     7 ||    26
       Scroll            |       |       |    12 |    10 |     8 ||    30
  Eat: Chunk             |     1 |     5 |    19 |    18 |    31 ||    74
       Ration            |       |       |       |     2 |     2 ||     4
Armor: Scale mail        |    87 |   188 |   135 |   369 |   425 ||  1204
       Chain mail        |       |       |   376 |       |       ||   376
Dodge: Dodged            |    56 |    85 |   246 |   259 |   345 ||   991
Block: Kite shield       |    68 |   138 |   474 |   754 |   939 ||  2373
       Reflection        |       |       |       |    45 |    22 ||    67
